 Dungeon Crawl Stone Soup version 0.29.0-4-gdea44cf6ec (webtiles) character file.

Game seed: 18139413062334414086

32 qw the Sneak (level 3, 0/28 HPs)
             Began as a Ghoul Enchanter on Sept 6, 2022.
             Slain by a worm (10 damage)
             ... on level 2 of the Dungeon.
             The game lasted 00:00:47 (1503 turns).

qw the Sneak (Ghoul Enchanter)                      Turns: 1503, Time: 00:00:48

Health: 0/28       AC:  2    Str: 13    XL:     3   Next: 25%
Magic:  4/4        EV: 12    Int: 10    God:
Gold:   62         SH:  0    Dex:  9    Spells: 5/5 levels left

rFire   . . .      SeeInvis .   Y - +0 hand axe
rCold   + . .      Faith    .   (no shield)
rNeg    + + +      Spirit   .   b - +0 robe
rPois   inf        Reflect  .   (no helmet)
rElec   .          Harm     .   (no cloak)
rCorr   .          Rampage  .   (no gloves)
Will    .....                   (no boots)
Stlth   ++........              (no amulet)
HPRegen 0.00/turn               (no ring)
MPRegen 0.09/turn               (no ring)

@: inhibited regen
A: claws 1, cold resistance 1, negative energy resistance 3, inhibited
regeneration, torment resistance 2, devour on kill
a: no special abilities


You were on level 2 of the Dungeon.
You visited 1 branch of the dungeon, and saw 2 of its levels.

You collected 62 gold pieces.


Innate Abilities, Weirdness & Mutations

You are immune to poison.
You have sharp fingernails.
Your flesh is cold resistant. (rC+)
You are immune to negative energy. (rN+++)
You do not regenerate when monsters are visible.
You are immune to unholy pain and torment.
You thrive by killing the living.


   Skills:
 + Level 1.5 Fighting
 - Level 0.8 Short Blades
 - Level 2.0 Axes
 - Level 1.7 Dodging
 - Level 3.2 Stealth
 - Level 1.7 Spellcasting
 - Level 2.4 Hexes


You had 5 spell levels left.
You didn't know any spells.
Your spell library contained the following spells:

 Spells                   Type           Power      Damage    Failure   Level
 Ensorcelled Hibernation  Hex/Ice        6%         N/A       30%         2
 Confusing Touch          Hex            5%         N/A       34%         3
 Tukima's Dance           Hex            5%         N/A       34%         3
 Dazzling Flash           Conj/Hex       6%         N/A       52%         3

Inventory:

Hand Weapons
 c - a +0 whip
 Y - a +0 hand axe (weapon)
Armour
 b - a +0 robe (worn)
Scrolls
 d - a scroll of identify

Dungeon Overview and Level Annotations

Branches:
Dungeon (2/15)

Altars:


Message History

You start resting.
HP restored.
Done exploring.
1452 ||| READING scroll labelled LOICLY JOSSYT.
As you read the scroll labelled LOICLY JOSSYT, it crumbles to dust.
You hear a loud clanging noise!
It was a scroll of noise.
Done exploring.
1453 ||| DRINKING 2 yellow potions.
It was a potion of lignification.
You feel woody for a moment.
Done exploring.
1454 ||| DROPPING potion of lignification.
You drop a potion of lignification.
Done exploring.
(D) Dungeon
Where to? (* - list waypoints, Enter - D:1, ? - help)
What level of the Dungeon? (default 1, ? - help)
You see here 2 stones.
There is a stone staircase leading down here.
You climb downwards.
There is a stone staircase leading up here.
A worm comes into view.
You see here a scroll of identify.
You hit the worm.
The worm is lightly wounded.
The worm bites you!
You hit the worm.
The worm is lightly wounded.
You hit the worm.
The worm is moderately wounded.
The worm bites you.
You hit the worm.
The worm is heavily wounded.
The worm bites you!
You hit the worm.
The worm is severely wounded.
You hit the worm but do no damage.
The worm is severely wounded.
The worm bites you!
You die...

...##.##.....#
........#.[.....#.###
.......####...##.#
...... #...##.###
..... #........# ...#
#........# ..#
#..#.....# #w#
#.!####### #@# #.)#
#.#####..##
.######.<##.....#
............###.#
..######.).## .#
#.#..###(# #.<....#.#
##.....# ##....#


You could see a worm.

Vanquished Creatures
  A dart slug (D:1)
  4 bats (D:1)
  3 endoplasms (D:1)
  A giant cockroach (D:1)
  4 goblins
  3 hobgoblins (D:1)
  2 jackals (D:1)
  2 ball pythons (D:1)
  3 frilled lizards
  4 kobolds (D:1)
  A rat (D:1)
28 creatures vanquished.

Notes
Turn   | Place    | Note
-------+----------+-------------------------------------------
     0 | D:1      | qw the Ghoul Enchanter began the quest for the Orb.
     0 | D:1      | Reached XP level 1. HP: 14/14 MP: 2/2
     0 | D:1      | 0 ||| qw: Version: 0.1-a-107-g9ff403c
     0 | D:1      | 0 ||| qw: Game counter: 6106
     0 | D:1      | 0 ||| qw: Always use a shield: true
     0 | D:1      | 0 ||| qw: God list: Okawaru
     0 | D:1      | 0 ||| qw: Allow faded altars: false
     0 | D:1      | 0 ||| qw: Do Orc after D:15 true
     0 | D:1      | 0 ||| qw: Do second Lair branch before Depths: true
     0 | D:1      | 0 ||| qw: Lair rune preference: random
     0 | D:1      | 0 ||| qw: Plans: Normal
     0 | D:1      | 0 ||| PLANNING D:1-11
    76 | D:1      | Reached skill level 1 in Axes
   169 | D:1      | 169 ||| SWAPPING to +0 whip.
   170 | D:1      | 170 ||| DROPPING +1 dagger.
   183 | D:1      | Reached XP level 2. HP: 22/22 MP: 3/3
   204 | D:1      | 204 ||| Stepping ~*~*~tactically~*~*~ (outnumbered).
   206 | D:1      | Reached skill level 1 in Fighting
   210 | D:1      | 210 ||| Stepping ~*~*~tactically~*~*~ (outnumbered).
   211 | D:1      | 211 ||| Stepping ~*~*~tactically~*~*~ (outnumbered).
   212 | D:1      | 212 ||| Stepping ~*~*~tactically~*~*~ (outnumbered).
   213 | D:1      | 213 ||| Stepping ~*~*~tactically~*~*~ (outnumbered).
   214 | D:1      | 214 ||| Stepping ~*~*~tactically~*~*~ (outnumbered).
   215 | D:1      | 215 ||| Stepping ~*~*~tactically~*~*~ (outnumbered).
   216 | D:1      | 216 ||| Stepping ~*~*~tactically~*~*~ (outnumbered).
   217 | D:1      | 217 ||| Stepping ~*~*~tactically~*~*~ (outnumbered).
   218 | D:1      | 218 ||| Stepping ~*~*~tactically~*~*~ (outnumbered).
   220 | D:1      | 220 ||| Stepping ~*~*~tactically~*~*~ (outnumbered).
   222 | D:1      | 222 ||| Stepping ~*~*~tactically~*~*~ (outnumbered).
   374 | D:1      | You fall into a shaft and drop 1 floor!
   398 | D:2      | 398 ||| READING scroll labelled VYPIWAUDISA.
   399 | D:2      | 399 ||| READING scroll labelled XAAMOIXAJOI.
   400 | D:2      | 400 ||| DROPPING 2 potions of invisibility.
   555 | D:1      | 555 ||| Stepping ~*~*~tactically~*~*~ (stealth).
   825 | D:1      | 825 ||| Stepping ~*~*~tactically~*~*~ (stealth).
   878 | D:1      | 878 ||| SWAPPING to +0 hand axe.
  1099 | D:1      | Reached XP level 3. HP: 28/28 MP: 4/4
  1236 | D:1      | 1236 ||| Stepping ~*~*~tactically~*~*~ (stealth).
  1238 | D:1      | 1238 ||| Stepping ~*~*~tactically~*~*~ (stealth).
  1239 | D:1      | 1239 ||| Stepping ~*~*~tactically~*~*~ (stealth).
  1244 | D:1      | 1244 ||| Stepping ~*~*~tactically~*~*~ (stealth).
  1245 | D:1      | 1245 ||| Stepping ~*~*~tactically~*~*~ (stealth).
  1316 | D:1      | 1316 ||| Stepping ~*~*~tactically~*~*~ (stealth).
  1409 | D:1      | 1409 ||| Stepping ~*~*~tactically~*~*~ (stealth).
  1411 | D:1      | 1411 ||| Stepping ~*~*~tactically~*~*~ (stealth).
  1423 | D:1      | 1423 ||| READING 2 scrolls labelled FELUMO MITIGALY.
  1452 | D:1      | 1452 ||| READING scroll labelled LOICLY JOSSYT.
  1453 | D:1      | 1453 ||| DRINKING 2 yellow potions.
  1454 | D:1      | 1454 ||| DROPPING potion of lignification.
  1503 | D:2      | Slain by a worm

Levels and vault maps discovered:
D:1:      minmay_arrival_nine_rooms, layout_basic
D:2:      layout_rooms, basic_altar, kennysheep_path_1, grunt_ministairs_11,
          uniq_jessica

Skill      XL: |  1  2  3 |
---------------+----------+-----
Axes           | 1 2 |  2.0
Fighting       | 1 |  1.5
Short Blades   | |  0.8
Dodging        | |  1.7
Stealth        | |  3.2
Spellcasting   | |  1.7
Hexes          | |  2.4

Action                   || total
-------------------------++-------
Melee: Dagger            ||    24
       Whip              ||    68
       Punch             ||     2
       Hand axe          ||    33
  Use: Scroll            ||     4
       Potion            ||     1
Armor: Robe              ||    22
Dodge: Dodged            ||    83

Table legend:
 A = Non-vault XP
 B = Vault XP
 C = Vault XP percentage of total XP
 D = Non-vault monster count
 E = Vault monster count
 F = Vault count percentage of total count
                 A         B        C        D         E       F
            +---------+---------+-------+---------+---------+-------
      Total |      46 |       0 |   0.0 |      28 |       0 |   0.0
            +---------+---------+-------+---------+---------+-------
        D:1 |      43 |       0 |   0.0 |      26 |       0 |   0.0
        D:2 |       3 |       0 |   0.0 |       2 |       0 |   0.0
            +---------+---------+-------+---------+---------+-------
